 Dungeon Crawl Stone Soup version 0.30-a0-1074-g5db6f66fbb (webtiles) character file.

Game seed: 7358305701878968330

3494 Pooter the Skirmisher (level 9, -2/79 HPs)
             Began as a Minotaur Hunter on Apr 13, 2023.
             Was an Initiate of Hepliaklqana.
             Slain by an ice beast (3 damage)
             ... on level 7 of the Dungeon.
             The game lasted 00:41:39 (8714 turns).

Pooter the Skirmisher (Minotaur Hunter)             Turns: 8714, Time: 00:41:41

Health: -2/79      AC: 11    Str: 18    XL:     9   Next: 80%
Magic:  0/8        EV:  5    Int:  6    God:    Hepliaklqana [......]
Gold:   299        SH:  0    Dex: 16    Spells: 8/8 levels left

rFire   + . .      SeeInvis .    a - +7 Throatcutter {drain, coup de grace}
rCold   + + .      Faith    .    (no shield)
rNeg    . . .      Spirit   +    H - +0 plate armour
rPois   +          Reflect  .    (helmet restricted)
rElec   +          Rampage  .    (no cloak)
rCorr   +                        (no gloves)
Will    +....                    r - +0 pair of boots Stlth
                                 G - amulet of guardian spirit
HPRegen 0.33/turn                x - ring of willpower
MPRegen 0.11/turn                I - ring of protection from cold

@: mighty, resistant
A: horns 2, retaliatory headbutt
a: Renounce Religion


You were on level 7 of the Dungeon.
You worshipped Hepliaklqana.
Hepliaklqana was noncommittal.
You visited 2 branches of the dungeon, and saw 8 of its levels.
You also visited: Sewer.

You collected 443 gold pieces.
You spent 144 gold pieces at shops.

Inventory:

Hand Weapons
 a - the +7 Throatcutter (weapon) {drain, coup de grace}
   (You found it on level 2 of the Dungeon)
 b - a +0 arbalest
   (You took it off an orc warrior on level 6 of the Dungeon)
 o - a +0 scythe
   (You took it off Sigmund on level 2 of the Dungeon)
 w - a +0 trident
   (You took it off an orc on level 3 of the Dungeon)
 S - a +0 broad axe
   (You found it on level 6 of the Dungeon)
Missiles
 d - 11 javelins
 e - 8 boomerangs
 s - 33 poisoned darts (quivered)
 Q - 70 stones
Armour
 j - a +2 ring mail of fire resistance
   (You took it off an orc on level 3 of the Dungeon)
 r - a +0 pair of boots (worn)
   (You found it on level 2 of the Dungeon)
 z - a +0 pair of gloves
   (You found it on level 5 of the Dungeon)
 H - a +0 plate armour (worn)
   (You found it on level 5 of the Dungeon)
 L - a +2 buckler
   (You found it on level 6 of the Dungeon)
Jewellery
 x - a ring of willpower (left hand)
   (You took it off a hobgoblin on level 3 of the Dungeon)
 G - an amulet of guardian spirit (around neck)
   (You found it on level 2 of the Dungeon)
 I - a ring of protection from cold (right hand)
   (You found it on level 3 of the Dungeon)
Wands
 f - a wand of flame (30)
   (You took it off a hobgoblin on level 6 of the Dungeon)
 k - a wand of roots (7)
   (You took it off a goblin on level 3 of the Dungeon)
 u - a wand of polymorph (5)
   (You took it off Natasha on level 2 of the Dungeon)
 C - a wand of mindburst (5)
   (You found it on level 4 of the Dungeon)
 J - a wand of charming (12)
   (You found it on level 5 of the Dungeon)
Scrolls
 h - a scroll of silence
 i - a scroll of amnesia {unknown}
 m - a scroll of magic mapping
 p - a scroll of fear {unknown}
 q - 3 scrolls of blinking
 t - a scroll of teleportation {@r4}
 v - 2 scrolls of poison {!r}
 A - 2 scrolls of enchant armour {unknown}
 K - 3 scrolls of noise {unknown}
 M - 2 scrolls of enchant weapon {unknown}
 N - a scroll of fog {unknown}
 O - a scroll of brand weapon {unknown}
 P - 2 scrolls of immolation {!r}
Potions
 c - a potion of might
 g - 3 potions of resistance
 l - 8 potions of curing {@q1}
 n - 3 potions of heal wounds {unknown}
 B - 2 potions of cancellation {unknown}
 D - a potion of invisibility {unknown}
 E - 2 potions of brilliance {unknown}
 F - a potion of lignification {unknown}
 R - a potion of degeneration {unknown}
 T - 2 potions of attraction {unknown}


   Skills:
 + Level 7.4 Fighting
 * Level 8.7 Long Blades
 * Level 10.3 Ranged Weapons
 - Level 2.1 Dodging
 + Level 5.4 Stealth


You had 8 spell levels left.
You didn't know any spells.
Your spell library contained the following spells:

 Spells                   Type           Power      Damage    Failure   Level
 Beastly Appendage        Tmut           0%         N/A       100%        1
 Blink                    Tloc           0%         N/A       100%        2
 Wereblood                Tmut           0%         N/A       100%        2
 Spider Form              Tmut/Pois      0%         N/A       100%        3
 Manifold Assault         Tloc           0%         N/A       100%        4
 Malign Gateway           Summ/Tloc      0%         N/A       100%        7
 Storm Form               Tmut/Air       0%         N/A       100%        7
 Summon Horrible Things   Summ           0%         N/A       100%        8
 Chain Lightning          Conj/Air       0%         N/A       100%        9
 Fire Storm               Conj/Fire      0%         5d1       100%        9
 Shatter                  Erth           0%         3d5*      100%        9


Dungeon Overview and Level Annotations

Branches:
Dungeon (7/15)             Temple (1/1) D:4           Sewer (visited)

Altars:
Ashenzari
Cheibriados
Dithmenos
Elyvilon
Fedhas
Gozag
Hepliaklqana
Makhleb
Nemelex Xobeh
Ru
Trog
Vehumet
Wu Jian
Xom
Zin
The Shining One

Shops:
D:2 *

Annotations:
D:7 1 transporter


Innate Abilities, Weirdness & Mutations

You have a pair of horns on your head.
You reflexively headbutt those who attack you in melee.


Message History

The centaur warrior simulacrum hits you.
The centaur warrior simulacrum freezes you!
You resist.
* * * LOW MAGIC WARNING * * *
* * * LOW HITPOINT WARNING * * *
The centaur warrior simulacrum kicks you but does no damage.
You feel very mighty all of a sudden. The ice beast hits you.
* * * LOW HITPOINT WARNING * * *
The ice beast freezes you. You resist.
* * * LOW HITPOINT WARNING * * *
You are too injured to fight recklessly!
You are too injured to fight recklessly!
You slash the ice beast! You headbutt the ice beast. The ice beast hits you.
* * * LOW HITPOINT WARNING * * *
The ice beast freezes you. You resist.
* * * LOW MAGIC WARNING * * *
* * * LOW HITPOINT WARNING * * *
Unknown command.
You slash the ice beast!
You kill the ice beast!
The ice beast hits you but does no damage.
You slash the centaur warrior simulacrum!
The centaur warrior simulacrum hits you.
* * * LOW MAGIC WARNING * * *
* * * LOW HITPOINT WARNING * * *
The centaur warrior simulacrum freezes you!
You resist.
* * * LOW HITPOINT WARNING * * *
The centaur warrior simulacrum kicks you but does no damage.
The ice beast barely misses you.
The centaur warrior simulacrum hits you!
* * * LOW MAGIC WARNING * * *
* * * LOW HITPOINT WARNING * * *
The centaur warrior simulacrum freezes you.
You resist.
* * * LOW HITPOINT WARNING * * *
The centaur warrior simulacrum kicks you but does no damage.
You slice the centaur warrior simulacrum!!
The ice beast hits you but does no damage.
Unknown command.
You slash the ice beast! You drain the ice beast.
The ice beast hits you but does no damage.
Unknown command.
You slash the ice beast! Your headbutt misses the ice beast.
The ice beast hits you.
* * * LOW MAGIC WARNING * * *
* * * LOW HITPOINT WARNING * * *
The ice beast freezes you. You resist.
You die... ########### #☼☼°?©/○○☼# #☼○○$?[☼.☼# #°○°☼○☼○°○# #.☼○°☼○○☼○# ☼☼°○○○○

###Y○☼###
#○°.@.○○#
#☼☼#.#☼☼#
#°.....○#
#.○#©#○.#
#°°○○○○○#
#°.°○°.○#
#########
#.©..#
#....#


You could see an ice beast (drained).

Vanquished Creatures
  A kobold demonologist (D:6)
  Sigmund (D:2)
  A centaur simulacrum (D:7)
  A wyvern (D:4)
  A water moccasin (D:5)
  An orc warrior (D:6)
  An ice beast (D:7)
  An ogre (D:4)
  2 phantoms
  4 kobold brigands (Sewer)
  A bullfrog (D:6)
  7 scorpions
  An electric eel (D:6)
  A howler monkey (D:6)
  9 hounds
  2 jellies
  5 orc priests
  Terence (D:2)
  A sleepcap (D:5)
  4 iguanas
  6 orc wizards
  Natasha (thrice) (D:2)
  20 gnolls (D:4)
  11 adders
  3 river rats (D:6)
  2 white imps
  8 worms
  3 dart slugs
  45 orcs
  11 ball pythons
  8 endoplasms
  6 giant cockroaches
  8 goblins
  6 hobgoblins
  15 jackals
  4 quokkas
  5 bats
  5 frilled lizards
  9 kobolds
  11 rats
235 creatures vanquished.

Vanquished Creatures (others)
  4 plants (D:4)
4 creatures vanquished.

Grand Total: 239 creatures vanquished

Notes
Turn   | Place    | Note
-------+----------+-------------------------------------------
     0 | D:1      | Pooter the Minotaur Hunter began the quest for the Orb.
     0 | D:1      | Reached XP level 1. HP: 18/18 MP: 0/0
   556 | D:1      | Reached skill level 1 in Stealth
   581 | D:1      | Reached XP level 2. HP: 25/25 MP: 1/1
  1200 | D:1      | Reached skill level 5 in Ranged Weapons
  1204 | D:1      | Reached XP level 3. HP: 30/31 MP: 2/2
  1600 | D:2      | Noticed Sigmund
  1613 | D:2      | Killed Sigmund
  1614 | D:2      | Reached skill level 6 in Ranged Weapons
  1614 | D:2      | Reached XP level 4. HP: 21/40 MP: 3/3
  1614 | D:2      | Reached XP level 5. HP: 24/46 MP: 4/4
  1760 | D:2      | Found Vucrytod's General Store.
  1776 | D:2      | Bought a scroll of identify for 24 gold pieces
  1779 | D:2      | Bought a potion of curing for 36 gold pieces
  1794 | D:2      | Found a radiant altar of Vehumet.
  1798 | D:2      | Found the +7 Throatcutter {drain, coup de grace}
  1839 | D:2      | Found a faded altar of an unknown god.
  1904 | D:2      | Noticed Natasha
  1911 | D:2      | Killed Natasha
  2018 | D:2      | Noticed Terence
  2023 | D:2      | Killed Terence
  2024 | D:2      | Reached skill level 1 in Long Blades
  2024 | D:2      | Reached XP level 6. HP: 52/52 MP: 5/5
  2107 | D:2      | Noticed Natasha
  2112 | D:2      | Killed Natasha
  2113 | D:2      | Bought a scroll of teleportation for 36 gold pieces
  2217 | D:2      | Noticed Natasha
  2224 | D:2      | Killed Natasha
  2980 | D:2      | Bought a scroll of poison for 48 gold pieces
  3244 | D:4      | Found a glowing silver altar of Zin.
  3314 | D:4      | Reached XP level 7. HP: 38/60 MP: 3/6
  3316 | D:4      | Reached skill level 7 in Ranged Weapons
  3696 | D:4      | Reached skill level 5 in Fighting
  4528 | D:4      | Found a staircase to the Ecumenical Temple.
  4777 | D:4      | Reached XP level 8. HP: 68/68 MP: 5/7
  4803 | D:4      | Reached skill level 8 in Ranged Weapons
  5027 | D:4      | Reached skill level 5 in Long Blades
  5495 | D:5      | Entered Level 5 of the Dungeon
  5733 | D:5      | Reached skill level 9 in Ranged Weapons
  6168 | D:5      | Reached XP level 9. HP: 77/77 MP: 8/8
  6456 | D:6      | Noticed a kobold demonologist
  6585 | D:6      | Found a white marble altar of Elyvilon.
  6641 | D:6      | Found a glowing drain.
  6650 | Sewer    | Entered a sewer
  7320 | D:6      | Found a radiant altar of Vehumet.
  7373 | D:6      | Noticed a smoke demon
  7375 | D:6      | Noticed a rust devil
  7375 | D:6      | Killed a kobold demonologist
  7376 | D:6      | Reached skill level 5 in Stealth
  8023 | D:6      | Reached skill level 10 in Ranged Weapons
  8517 | Temple   | Entered the Ecumenical Temple
  8582 | Temple   | Became a worshipper of Hepliaklqana the Forgotten
  8693 | D:7      | Found a transporter.
  8703 | D:7      | Found a transporter.
  8711 | D:7      | HP: 2/79 [centaur warrior simulacrum (5)]
  8714 | D:7      | Slain by an ice beast

Illustrated notes

Levels and vault maps discovered:
D:1:      lightli_arrival_isolated_outpost, layout_basic, nrook_loot_triangle,
          minmay_misc_feat_tiny
D:2:      layout_basic, ebering_ecumenical_altar_abandoned, serial_shops,
          nicolae_shop_advertising_works [nicolae_subvault_shop_adworks],
          basic_altar, uniq_natasha, uniq_terence, uniq_sigmund
D:3:      layout_basic
D:4:      lemuel_castle_with_subvaults [lemuel_castle_interior_original],
          layout_basic, mainiacjoe_overflow_small_starburst,
          minmay_temple_entry_from_below_b
D:5:      layout_loops_ring, kennysheep_pointless_box
D:6:      layout_layer_cave, elyvilon_altar_4, vehumet_altar_wand_db,
          portal_sewer_entry_e, lightli_minifort
D:7:      gammafunk_cloud_chamber, layout_basic,
          nicolae_qazlal_style_of_elements
Temple:   cyrus_circular_temple

Skill      XL: |  1  2  3  4  5  6  7  8  9 |
---------------+----------------------------+-----
Stealth        | 1 2 3 4 5 |  5.4
Ranged Weapons | 5 6 7 9 10 | 10.3
Fighting       | 3 4 5 6 7 |  7.4
Long Blades    | 1 2 4 6 8 |  8.7
Dodging        | |  2.1

Action                     |  1- 3 |  4- 6 |  7- 9 || total
---------------------------+-------+-------+-------++-------
  Melee: Dagger            |    17 |       |       ||    17
         Club              |     3 |       |       ||     3
         Headbutt          |     2 |     7 |    25 ||    34
         Long sword        |       |    40 |   217 ||   257
         Halberd           |       |     6 |       ||     6
         Punch             |       |       |     1 ||     1
         War axe           |       |       |     3 ||     3
   Fire: Shortbow          |    41 |    85 |   125 ||   251
         Arbalest          |       |       |     6 ||     6
  Throw: Javelin           |       |       |     1 ||     1
         Dart              |       |       |     1 ||     1
    Use: Scroll            |       |     4 |     2 ||     6
         Potion            |       |       |     3 ||     3
 Armour: Scale mail        |     6 |    17 |       ||    23
         Leather armour    |     1 |       |       ||     1
         Ring mail         |       |     4 |    47 ||    51
         Plate armour      |       |       |    88 ||    88
  Dodge: Dodged            |    12 |    30 |    93 ||   135
  Block: Buckler           |       |       |     2 ||     2

Table legend: (Time is in decaauts)
 A = Elapsed time spent in this place.
 B = Non-inter-level travel time spent in this place.
 C = Inter-level travel time spent in this place.
 D = Time resting spent in this place.
 E = Time spent auto-exploring this place.
 F = Levels seen in this place.
 G = Mean time per level.
                   A        B        C        D        E       F      G
               +--------+--------+--------+--------+--------+-----+--------+
         Total |   8955 |   8556 |    399 |   2224 |   4682 |   9 |  995.0 |
       Dungeon |   8085 |   7694 |    391 |   2224 |   4053 |   7 | 1155.0 |
        Temple |     73 |     66 |      7 |      0 |     42 |   1 |   73.0 |
         Sewer |    796 |    796 |      0 |      0 |    586 |   1 |  796.0 |
               +--------+--------+--------+--------+--------+-----+--------+

Top non-repeatable levels by time:
     D:4: 2309 daAuts
     D:1: 1592 daAuts
     D:6: 1503 daAuts
     D:5: 925 daAuts
     D:3: 857 daAuts
     D:2: 823 daAuts
   Sewer: 796 daAuts
  Temple: 73 daAuts
     D:7: 73 daAuts
